RedWings vs Canucks

Created - November 3 2010 at 17:51

Goals
1 2 3 T
RedWings 1 0 0 1
Canucks 1 1 1 3
Shots
1 2 3 T
RedWings 13 7 9 29
Canucks 11 7 10 28

Period #1

1. Canucks , David Backes 6 (Fedor Tyutin, Jay McClement) at 1:09
2. RedWings , Matt Moulson 5 (Paul Martin, Niclas Bergfors) at 1:42

Penalties :
Joe Thornton (VAN) for Hooking (Minor) at 7:55, Brendan Witt (DET) for Holding (Minor) at 10:24, Brian Campbell (DET) for Goalie Interference (Minor) at 13:55

Period #2

3. Canucks , Jay McClement 1 (Fedor Tyutin, Tomas Holmstrom) at 14:31

Penalties :
Brendan Witt (DET) for Hooking (Minor) at 2:49, Kris Draper (DET) for Hooking (Minor) at 4:57, Valtteri Filppula (VAN) for Hooking (Minor) at 11:38, Matthew Carle (VAN) for High sticking (Double Minor) at 15:21

Period #3

4. Canucks , Brandon Sutter 7 (Corey Perry, Erik Karlsson) at 13:16

Penalties :
Travis Zajac (DET) for Tripping (Minor) at 6:25, David Backes (VAN) for High sticking (Minor) at 13:25, Duncan Keith (VAN) for Hooking (Minor) at 18:47

Goalie Stats

Craig Anderson (DET), 25 saves from 28 shots - (0.893), L, 10-4-1, 60:00 minutes
Jason LaBarbera (VAN), 28 saves from 29 shots - (0.966), W, 4-1-0, 60:00 minutes

Players Stats

RedWings
Player Name              G  A  P  +/- PIM S  H  SB FO    MP 
------------------------------------------------------------
Brendan Witt             0  0  0   0  4   0  3  0  0/0   13 
Brett Clark              0  0  0   0  0   2  2  0  0/0   22 
Brian Campbell           0  0  0  -2  2   6  1  0  0/0   20 
Colin White              0  0  0   0  0   0  1  1  0/0   21 
Jean-Pierre Dumont       0  0  0   0  0   3  1  0  1/3   18 
Keith Yandle             0  0  0  -2  0   1  3  2  0/0   21 
Kris Draper              0  0  0  -1  2   0  0  1  0/0   9  
Marty Reasoner           0  0  0   0  0   0  1  0  7/20  14 
Matt Moulson             1  0  1   1  0   3  0  0  1/3   11 
Mike Cammalleri          0  0  0  -2  0   2  0  0  0/1   19 
Nate Thompson            0  0  0  -1  0   1  1  0  4/10  9  
Niclas Bergfors          0  1  1   1  0   0  1  0  0/1   9  
Paul Martin              0  1  1   1  0   1  0  3  0/0   21 
Pavol Demitra            0  0  0  -1  0   0  0  0  0/0   5  
Ray Whitney              0  0  0   0  0   1  1  0  1/3   19 
Ryan Getzlaf             0  0  0  -2  0   1  0  0  12/26 19 
Travis Zajac             0  0  0   0  2   4  4  0  7/20  18 
Zach Parise              0  0  0  -2  0   4  1  0  1/2   23 
Canucks
Player Name              G  A  P  +/- PIM S  H  SB FO    MP 
------------------------------------------------------------
Brandon Sutter           1  0  1   1  0   5  0  0  6/16  15 
Bruno Gervais            0  0  0   1  0   0  0  0  0/0   12 
Corey Perry              0  1  1   1  0   2  2  0  2/4   20 
David Backes             1  0  1   1  2   3  7  0  2/2   18 
Duncan Keith             0  0  0   0  2   4  2  0  0/0   24 
Erik Karlsson            0  1  1   1  0   0  2  0  0/0   19 
Fedor Tyutin             0  2  2   1  0   1  1  3  0/0   19 
Fredrik Sjostrom         0  0  0   0  0   0  0  0  0/0   0  
Ian White                0  0  0   0  0   1  1  1  0/0   21 
Jay McClement            1  1  2   1  0   1  0  0  16/23 16 
Joe Thornton             0  0  0   0  2   2  1  0  18/25 16 
Loui Eriksson            0  0  0   0  0   4  1  1  1/2   17 
Martin Hanzal            0  0  0   0  0   1  0  0  9/14  13 
Matthew Carle            0  0  0   1  4   1  0  1  0/0   22 
Milan Lucic              0  0  0   0  0   0  0  0  0/2   10 
Ryan Kesler              0  0  0   0  0   0  0  1  0/0   17 
Tomas Holmstrom          0  1  1   1  0   1  0  0  0/0   15 
Valtteri Filppula        0  0  0   1  2   2  0  0  1/1   14 

3 Stars

1 - Jason LaBarbera (VAN)
2 - Jay McClement (VAN)
3 - David Backes (VAN)

Power Play

RedWings - 0 on 5 Attempt(s) - 0.00%
Canucks - 0 on 5 Attempt(s) - 0.00%

Penalty Kill

RedWings - 5 on 5 Attempt(s) - 100.00% - Score 0 goal in Penalty Kill
Canucks - 5 on 5 Attempt(s) - 100.00% - Score 0 goal in Penalty Kill

Game Notes

No Game Note

Finance

Level 1 -- Attendance: 6001 (92.32%) -- Ticket Income $480,080.00
Level 2 -- Attendance: 3475 (69.50%) -- Ticket Income $225,875.00
Level 3 -- Attendance: 1803 (51.51%) -- Ticket Income $90,150.00
Level 4 -- Attendance: 1741 (66.20%) -- Ticket Income $43,525.00
Luxury Box -- Attendance: 578 (57.80%) -- Ticket Income $144,500.00
Game was played at the General Motors Place
Total Attendance: 13598 (72.99%)
Total Ticket Income: $1,043,897.00
Other Income: $208,006.20
Total Income: $1,251,903.00


Play by Play

Period #1

0:01 of 1st period - Joe Thornton wins face-off versus Ray Whitney in neutral zone.
0:01 of 1st period - Duncan Keith is hit by Travis Zajac and loses puck.
0:26 of 1st period - Shot by Joe Thornton.
0:26 of 1st period - Stopped by Craig Anderson without a rebound.
0:27 of 1st period - Ryan Getzlaf wins face-off versus Brandon Sutter in RedWings zone.
1:03 of 1st period - Icing by Brian Campbell.
1:04 of 1st period - Jay McClement wins face-off versus Ryan Getzlaf in RedWings zone.
1:09 of 1st period - Shot by David Backes.
1:09 of 1st period - Goal by David Backes - RedWings : 0 - Canucks : 1.
1:10 of 1st period - Travis Zajac wins face-off versus Joe Thornton in neutral zone.
1:14 of 1st period - Off-side.
1:15 of 1st period - Marty Reasoner wins face-off versus Jay McClement in neutral zone.
1:24 of 1st period - Shot by Niclas Bergfors.
1:24 of 1st period - Shot Misses the Net.
1:42 of 1st period - Shot by Matt Moulson.
1:42 of 1st period - Goal by Matt Moulson - RedWings : 1 - Canucks : 1.
1:43 of 1st period - Travis Zajac wins face-off versus Joe Thornton in neutral zone.
1:43 of 1st period - Colin White is hit by Joe Thornton and loses puck.
2:25 of 1st period - Shot by Loui Eriksson.
2:25 of 1st period - Stopped by Craig Anderson without a rebound.
2:26 of 1st period - Ryan Getzlaf wins face-off versus Brandon Sutter in RedWings zone.
2:26 of 1st period - Ryan Getzlaf is hit by Corey Perry.
2:36 of 1st period - Shot by Valtteri Filppula.
2:36 of 1st period - Stopped by Craig Anderson without a rebound.
2:37 of 1st period - Jay McClement wins face-off versus Marty Reasoner in RedWings zone.
2:49 of 1st period - Icing by Fedor Tyutin.
2:50 of 1st period - Jay McClement wins face-off versus Ryan Getzlaf in Canucks zone.
4:25 of 1st period - Icing by Ian White.
4:26 of 1st period - Travis Zajac wins face-off versus Joe Thornton in Canucks zone.
4:31 of 1st period - Shot by Travis Zajac.
4:31 of 1st period - Stopped by Jason LaBarbera without a rebound.
4:32 of 1st period - Corey Perry wins face-off versus Travis Zajac in Canucks zone.
4:44 of 1st period - Shot by Travis Zajac.
4:44 of 1st period - Shot Misses the Net.
4:50 of 1st period - Shot by Jean-Pierre Dumont.
4:50 of 1st period - Stopped by Jason LaBarbera without a rebound.
4:51 of 1st period - Corey Perry wins face-off versus Ryan Getzlaf in Canucks zone.
4:55 of 1st period - Off-side.
4:56 of 1st period - Ryan Getzlaf wins face-off versus Martin Hanzal in neutral zone.
5:50 of 1st period - Shot by Travis Zajac.
5:50 of 1st period - Shot Misses the Net.
6:34 of 1st period - Icing by Colin White.
6:35 of 1st period - Joe Thornton wins face-off versus Travis Zajac in RedWings zone.
7:01 of 1st period - Shot by Matt Moulson.
7:01 of 1st period - Stopped by Jason LaBarbera without a rebound.
7:02 of 1st period - Brandon Sutter wins face-off versus Nate Thompson in Canucks zone.
7:09 of 1st period - Shot by Corey Perry.
7:09 of 1st period - Shot Misses the Net.
7:14 of 1st period - Nate Thompson is hit by Corey Perry and loses puck.
7:39 of 1st period - Shot by Valtteri Filppula.
7:39 of 1st period - Shot Misses the Net.
7:54 of 1st period - Off-side.
7:55 of 1st period - Ryan Getzlaf wins face-off versus Joe Thornton in neutral zone.
7:55 of 1st period - Minor Penalty to Joe Thornton for Hooking.
7:56 of 1st period - Jay McClement wins face-off versus Mike Cammalleri in Canucks zone.
8:09 of 1st period - Shot by Zach Parise.
8:09 of 1st period - Stopped by Jason LaBarbera with a rebound.
8:13 of 1st period - Shot by Mike Cammalleri.
8:13 of 1st period - Stopped by Jason LaBarbera without a rebound.
8:14 of 1st period - Martin Hanzal wins face-off versus Travis Zajac in Canucks zone.
8:14 of 1st period - Martin Hanzal is hit by Jean-Pierre Dumont.
8:30 of 1st period - Duncan Keith is hit by Ray Whitney and loses puck.
8:39 of 1st period - Shot by Keith Yandle.
8:39 of 1st period - Deflect By Travis Zajac.
8:39 of 1st period - Shot Misses the Net.
8:43 of 1st period - Shot by Keith Yandle.
8:43 of 1st period - Shot Misses the Net.
9:15 of 1st period - Shot by Brian Campbell.
9:15 of 1st period - Stopped by Jason LaBarbera with a rebound.
9:17 of 1st period - Shot by Mike Cammalleri.
9:17 of 1st period - Shot Misses the Net.
9:19 of 1st period - Shot by Ryan Getzlaf.
9:19 of 1st period - Shot Blocked by Fedor Tyutin.
9:23 of 1st period - Shot by Brian Campbell.
9:23 of 1st period - Stopped by Jason LaBarbera without a rebound.
9:24 of 1st period - Ryan Getzlaf wins face-off versus Jay McClement in Canucks zone.
9:51 of 1st period - Shot by Paul Martin.
9:51 of 1st period - Stopped by Jason LaBarbera with a rebound.
10:24 of 1st period - Minor Penalty to Brendan Witt for Holding.
10:25 of 1st period - Joe Thornton wins face-off versus Marty Reasoner in RedWings zone.
10:38 of 1st period - Icing by Corey Perry.
10:39 of 1st period - Joe Thornton wins face-off versus Nate Thompson in Canucks zone.
11:18 of 1st period - Icing by David Backes.
11:19 of 1st period - David Backes wins face-off versus Nate Thompson in Canucks zone.
12:27 of 1st period - Erik Karlsson is hit by Travis Zajac and loses puck.
12:50 of 1st period - Shot by Brian Campbell.
12:50 of 1st period - Stopped by Jason LaBarbera without a rebound.
12:51 of 1st period - Jay McClement wins face-off versus Marty Reasoner in Canucks zone.
13:12 of 1st period - Shot by David Backes.
13:12 of 1st period - Shot Misses the Net.
13:14 of 1st period - Shot by Fedor Tyutin.
13:14 of 1st period - Stopped by Craig Anderson without a rebound.
13:15 of 1st period - Joe Thornton wins face-off versus Ryan Getzlaf in RedWings zone.
13:18 of 1st period - Shot by Loui Eriksson.
13:18 of 1st period - Shot Blocked by Keith Yandle.
13:20 of 1st period - Shot by Duncan Keith.
13:20 of 1st period - Stopped by Craig Anderson without a rebound.
13:21 of 1st period - Travis Zajac wins face-off versus Martin Hanzal in RedWings zone.
13:32 of 1st period - Martin Hanzal is hit by Colin White and loses puck.
13:43 of 1st period - Shot by Ray Whitney.
13:43 of 1st period - Stopped by Jason LaBarbera without a rebound.
13:44 of 1st period - Jay McClement wins face-off versus Ryan Getzlaf in Canucks zone.
13:44 of 1st period - Jay McClement is hit by Zach Parise.
13:55 of 1st period - Minor Penalty to Brian Campbell for Goalie Interference.
13:56 of 1st period - Martin Hanzal wins face-off versus Nate Thompson in RedWings zone.
14:00 of 1st period - Shot by Ian White.
14:00 of 1st period - Shot Misses the Net.
14:02 of 1st period - Shot by Ian White.
14:02 of 1st period - Shot Blocked by Paul Martin.
14:04 of 1st period - Shot by Ian White.
14:04 of 1st period - Shot Misses the Net.
14:06 of 1st period - Shot by Ian White.
14:06 of 1st period - Shot Blocked by Paul Martin.
14:22 of 1st period - Shot by Matthew Carle.
14:22 of 1st period - Shot Blocked by Kris Draper.
14:24 of 1st period - Shot by Brandon Sutter.
14:24 of 1st period - Stopped by Craig Anderson without a rebound.
14:25 of 1st period - Joe Thornton wins face-off versus Marty Reasoner in RedWings zone.
14:50 of 1st period - Shot by Duncan Keith.
14:50 of 1st period - Stopped by Craig Anderson without a rebound.
14:51 of 1st period - Brandon Sutter wins face-off versus Marty Reasoner in RedWings zone.
14:58 of 1st period - Shot by Loui Eriksson.
14:58 of 1st period - Stopped by Craig Anderson without a rebound.
14:59 of 1st period - Marty Reasoner wins face-off versus Corey Perry in RedWings zone.
15:08 of 1st period - Shot by Joe Thornton.
15:08 of 1st period - Shot Misses the Net.
15:12 of 1st period - Shot by Corey Perry.
15:12 of 1st period - Shot Misses the Net.
15:14 of 1st period - Shot by Duncan Keith.
15:14 of 1st period - Shot Misses the Net.
15:18 of 1st period - Shot by Corey Perry.
15:18 of 1st period - Shot Misses the Net.
15:20 of 1st period - Shot by Tomas Holmstrom.
15:20 of 1st period - Shot Misses the Net.
15:22 of 1st period - Shot by Duncan Keith.
15:22 of 1st period - Stopped by Craig Anderson without a rebound.
15:23 of 1st period - Nate Thompson wins face-off versus Brandon Sutter in RedWings zone.
15:46 of 1st period - Shot by Loui Eriksson.
15:46 of 1st period - Shot Misses the Net.
15:48 of 1st period - Shot by David Backes.
15:48 of 1st period - Shot Misses the Net.
16:12 of 1st period - Shot by Travis Zajac.
16:12 of 1st period - Deflect By Ray Whitney.
16:12 of 1st period - Shot Misses the Net.
16:16 of 1st period - Shot by Travis Zajac.
16:16 of 1st period - Shot Misses the Net.
16:18 of 1st period - Shot by Colin White.
16:18 of 1st period - Shot Misses the Net.
16:20 of 1st period - Shot by Brett Clark.
16:20 of 1st period - Shot Blocked by Fedor Tyutin.
16:22 of 1st period - Shot by Ray Whitney.
16:22 of 1st period - Deflect By Travis Zajac.
16:22 of 1st period - Stopped by Jason LaBarbera without a rebound.
16:23 of 1st period - Joe Thornton wins face-off versus Ryan Getzlaf in Canucks zone.
16:56 of 1st period - Shot by Zach Parise.
16:56 of 1st period - Shot Misses the Net.
17:11 of 1st period - Marty Reasoner is hit by Duncan Keith and loses puck.
18:14 of 1st period - Shot by Valtteri Filppula.
18:14 of 1st period - Shot Blocked by Colin White.
18:28 of 1st period - Shot by Travis Zajac.
18:28 of 1st period - Deflect By Ray Whitney.
18:28 of 1st period - Shot Misses the Net.
18:50 of 1st period - Shot by David Backes.
18:50 of 1st period - Stopped by Craig Anderson without a rebound.
18:51 of 1st period - Martin Hanzal wins face-off versus Ryan Getzlaf in RedWings zone.
19:25 of 1st period - Icing by David Backes.
19:26 of 1st period - Martin Hanzal wins face-off versus Nate Thompson in Canucks zone.
19:55 of 1st period - Shot by Nate Thompson.
19:55 of 1st period - Stopped by Jason LaBarbera without a rebound.
19:56 of 1st period - Loui Eriksson wins face-off versus Ryan Getzlaf in Canucks zone.

Period #2

0:01 of 2nd period - Ray Whitney wins face-off versus Joe Thornton in neutral zone.
0:04 of 2nd period - Shot by Travis Zajac.
0:04 of 2nd period - Shot Misses the Net.
1:16 of 2nd period - Icing by Brandon Sutter.
1:17 of 2nd period - Ryan Getzlaf wins face-off versus Corey Perry in Canucks zone.
1:57 of 2nd period - Icing by David Backes.
1:58 of 2nd period - Matt Moulson wins face-off versus Jay McClement in Canucks zone.
1:59 of 2nd period - Shot by Niclas Bergfors.
1:59 of 2nd period - Shot Blocked by Fedor Tyutin.
2:34 of 2nd period - Icing by Brendan Witt.
2:35 of 2nd period - Joe Thornton wins face-off versus Niclas Bergfors in RedWings zone.
2:35 of 2nd period - Duncan Keith is hit by Brendan Witt and loses puck.
2:48 of 2nd period - Shot by Joe Thornton.
2:48 of 2nd period - Shot Blocked by Paul Martin.
2:49 of 2nd period - Minor Penalty to Brendan Witt for Hooking.
2:50 of 2nd period - Nate Thompson wins face-off versus Brandon Sutter in RedWings zone.
2:58 of 2nd period - Loui Eriksson is hit by Keith Yandle and loses puck.
3:05 of 2nd period - Shot by David Backes.
3:05 of 2nd period - Stopped by Craig Anderson without a rebound.
3:06 of 2nd period - Joe Thornton wins face-off versus Marty Reasoner in RedWings zone.
3:45 of 2nd period - Shot by Corey Perry.
3:45 of 2nd period - Shot Misses the Net.
4:52 of 2nd period - Shot by Tomas Holmstrom.
4:52 of 2nd period - Stopped by Craig Anderson with a rebound.
4:57 of 2nd period - Minor Penalty to Kris Draper for Hooking.
4:58 of 2nd period - Joe Thornton wins face-off versus Zach Parise in RedWings zone.
5:05 of 2nd period - Shot by Corey Perry.
5:05 of 2nd period - Stopped by Craig Anderson without a rebound.
5:06 of 2nd period - Marty Reasoner wins face-off versus Milan Lucic in RedWings zone.
5:14 of 2nd period - Icing by Loui Eriksson.
5:15 of 2nd period - Brandon Sutter wins face-off versus Marty Reasoner in Canucks zone.
6:59 of 2nd period - Icing by Brian Campbell.
7:00 of 2nd period - Jay McClement wins face-off versus Ray Whitney in RedWings zone.
7:03 of 2nd period - Shot by David Backes.
7:03 of 2nd period - Shot Misses the Net.
8:13 of 2nd period - Shot by Zach Parise.
8:13 of 2nd period - Stopped by Jason LaBarbera without a rebound.
8:14 of 2nd period - Joe Thornton wins face-off versus Travis Zajac in Canucks zone.
9:06 of 2nd period - Paul Martin is hit by Erik Karlsson and loses puck.
9:47 of 2nd period - Icing by Tomas Holmstrom.
9:48 of 2nd period - Jay McClement wins face-off versus Ryan Getzlaf in Canucks zone.
10:31 of 2nd period - Shot by Mike Cammalleri.
10:31 of 2nd period - Shot Misses the Net.
10:37 of 2nd period - Shot by Martin Hanzal.
10:37 of 2nd period - Stopped by Craig Anderson with a rebound.
10:47 of 2nd period - Shot by Corey Perry.
10:47 of 2nd period - Shot Blocked by Keith Yandle.
10:49 of 2nd period - Shot by Matthew Carle.
10:49 of 2nd period - Stopped by Craig Anderson without a rebound.
10:50 of 2nd period - Joe Thornton wins face-off versus Jean-Pierre Dumont in RedWings zone.
10:56 of 2nd period - Icing by Travis Zajac.
10:57 of 2nd period - Joe Thornton wins face-off versus Travis Zajac in RedWings zone.
10:58 of 2nd period - Shot by Loui Eriksson.
10:58 of 2nd period - Shot Misses the Net.
11:38 of 2nd period - Minor Penalty to Valtteri Filppula for Hooking.
11:39 of 2nd period - Martin Hanzal wins face-off versus Ryan Getzlaf in Canucks zone.
11:48 of 2nd period - Shot by Mike Cammalleri.
11:48 of 2nd period - Shot Misses the Net.
11:50 of 2nd period - Shot by Ryan Getzlaf.
11:50 of 2nd period - Shot Hit the Post.
11:54 of 2nd period - Shot by Zach Parise.
11:54 of 2nd period - Shot Misses the Net.
11:58 of 2nd period - Shot by Ryan Getzlaf.
11:58 of 2nd period - Shot Misses the Net.
12:00 of 2nd period - Shot by Brian Campbell.
12:00 of 2nd period - Stopped by Jason LaBarbera without a rebound.
12:01 of 2nd period - Jay McClement wins face-off versus Travis Zajac in Canucks zone.
12:12 of 2nd period - Shot by Travis Zajac.
12:12 of 2nd period - Shot Misses the Net.
12:14 of 2nd period - Shot by Brett Clark.
12:14 of 2nd period - Stopped by Jason LaBarbera without a rebound.
12:15 of 2nd period - Ryan Getzlaf wins face-off versus Martin Hanzal in Canucks zone.
12:40 of 2nd period - Shot by Mike Cammalleri.
12:40 of 2nd period - Shot Misses the Net.
13:26 of 2nd period - Shot by Travis Zajac.
13:26 of 2nd period - Deflect By Jean-Pierre Dumont.
13:26 of 2nd period - Shot Misses the Net.
13:28 of 2nd period - Shot by Brett Clark.
13:28 of 2nd period - Stopped by Jason LaBarbera without a rebound.
13:29 of 2nd period - Jay McClement wins face-off versus Travis Zajac in Canucks zone.
13:29 of 2nd period - Jay McClement is hit by Travis Zajac.
13:52 of 2nd period - Shot by Matt Moulson.
13:52 of 2nd period - Shot Misses the Net.
13:54 of 2nd period - Shot by Brendan Witt.
13:54 of 2nd period - Shot Hit the Post.
13:58 of 2nd period - Shot by Matt Moulson.
13:58 of 2nd period - Stopped by Jason LaBarbera without a rebound.
13:59 of 2nd period - Jay McClement wins face-off versus Nate Thompson in Canucks zone.
13:59 of 2nd period - Jay McClement is hit by Nate Thompson.
14:05 of 2nd period - Brendan Witt is hit by David Backes and loses puck.
14:24 of 2nd period - Marty Reasoner is hit by David Backes and loses puck.
14:31 of 2nd period - Shot by Jay McClement.
14:31 of 2nd period - Goal by Jay McClement - RedWings : 1 - Canucks : 2.
14:32 of 2nd period - Joe Thornton wins face-off versus Travis Zajac in neutral zone.
14:37 of 2nd period - Shot by Loui Eriksson.
14:37 of 2nd period - Shot Misses the Net.
14:43 of 2nd period - Ian White is hit by Travis Zajac and loses puck.
15:19 of 2nd period - Shot by Zach Parise.
15:19 of 2nd period - Stopped by Jason LaBarbera without a rebound.
15:20 of 2nd period - Nate Thompson wins face-off versus Brandon Sutter in Canucks zone.
15:20 of 2nd period - Nate Thompson is hit by Erik Karlsson.
15:21 of 2nd period - Double Minor Penalty to Matthew Carle for High sticking.
15:22 of 2nd period - Ryan Getzlaf wins face-off versus Jay McClement in Canucks zone.
15:34 of 2nd period - Zach Parise is hit by Fedor Tyutin and loses puck.
16:56 of 2nd period - Icing by Colin White.
16:57 of 2nd period - Martin Hanzal wins face-off versus Matt Moulson in RedWings zone.
17:00 of 2nd period - Shot by Ian White.
17:00 of 2nd period - Stopped by Craig Anderson without a rebound.
17:01 of 2nd period - Jay McClement wins face-off versus Travis Zajac in RedWings zone.
18:27 of 2nd period - Shot by Keith Yandle.
18:27 of 2nd period - Stopped by Jason LaBarbera without a rebound.
18:28 of 2nd period - Marty Reasoner wins face-off versus Milan Lucic in Canucks zone.

Period #3

0:01 of 3rd period - Joe Thornton wins face-off versus Travis Zajac in neutral zone.
0:08 of 3rd period - Shot by Loui Eriksson.
0:08 of 3rd period - Stopped by Craig Anderson without a rebound.
0:09 of 3rd period - Brandon Sutter wins face-off versus Ryan Getzlaf in RedWings zone.
0:09 of 3rd period - Erik Karlsson is hit by Keith Yandle and loses puck.
0:34 of 3rd period - Shot by Ryan Getzlaf.
0:34 of 3rd period - Stopped by Jason LaBarbera with a rebound.
0:38 of 3rd period - Shot by Zach Parise.
0:38 of 3rd period - Stopped by Jason LaBarbera without a rebound.
0:39 of 3rd period - Joe Thornton wins face-off versus Travis Zajac in Canucks zone.
0:53 of 3rd period - Loui Eriksson is hit by Brett Clark and loses puck.
1:05 of 3rd period - Shot by Duncan Keith.
1:05 of 3rd period - Stopped by Craig Anderson with a rebound.
1:16 of 3rd period - Jean-Pierre Dumont is hit by Ian White and loses puck.
1:36 of 3rd period - Travis Zajac is hit by Loui Eriksson and loses puck.
1:52 of 3rd period - Corey Perry is hit by Brett Clark.
2:18 of 3rd period - Shot by Brandon Sutter.
2:18 of 3rd period - Stopped by Craig Anderson without a rebound.
2:19 of 3rd period - Ryan Getzlaf wins face-off versus Jay McClement in RedWings zone.
2:19 of 3rd period - Ryan Getzlaf is hit by David Backes.
2:25 of 3rd period - Ryan Getzlaf is hit by David Backes and loses puck.
2:35 of 3rd period - Off-side.
2:36 of 3rd period - Martin Hanzal wins face-off versus Marty Reasoner in neutral zone.
3:02 of 3rd period - Off-side.
3:03 of 3rd period - David Backes wins face-off versus Ryan Getzlaf in neutral zone.
3:05 of 3rd period - Fedor Tyutin is hit by Brian Campbell and loses puck.
3:09 of 3rd period - Jay McClement is hit by Keith Yandle and loses puck.
3:22 of 3rd period - Shot by Ryan Getzlaf.
3:22 of 3rd period - Shot Misses the Net.
3:53 of 3rd period - Icing by Fedor Tyutin.
3:54 of 3rd period - Jay McClement wins face-off versus Marty Reasoner in Canucks zone.
3:54 of 3rd period - Jay McClement is hit by Marty Reasoner.
4:00 of 3rd period - David Backes is hit by Niclas Bergfors.
4:09 of 3rd period - Icing by Paul Martin.
4:10 of 3rd period - Valtteri Filppula wins face-off versus Marty Reasoner in RedWings zone.
4:10 of 3rd period - Valtteri Filppula is hit by Brendan Witt.
4:28 of 3rd period - Icing by Matt Moulson.
4:29 of 3rd period - Joe Thornton wins face-off versus Marty Reasoner in RedWings zone.
4:54 of 3rd period - Shot by Mike Cammalleri.
4:54 of 3rd period - Stopped by Jason LaBarbera without a rebound.
4:55 of 3rd period - Travis Zajac wins face-off versus Brandon Sutter in Canucks zone.
5:11 of 3rd period - Shot by Jean-Pierre Dumont.
5:11 of 3rd period - Shot Blocked by Matthew Carle.
5:13 of 3rd period - Shot by Colin White.
5:13 of 3rd period - Deflect By Jean-Pierre Dumont.
5:13 of 3rd period - Stopped by Jason LaBarbera without a rebound.
5:14 of 3rd period - Ryan Getzlaf wins face-off versus Martin Hanzal in Canucks zone.
5:14 of 3rd period - Brian Campbell is hit by Duncan Keith and loses puck.
6:25 of 3rd period - Minor Penalty to Travis Zajac for Tripping.
6:26 of 3rd period - Marty Reasoner wins face-off versus Brandon Sutter in RedWings zone.
6:51 of 3rd period - Icing by Ian White.
6:52 of 3rd period - Nate Thompson wins face-off versus Brandon Sutter in Canucks zone.
6:53 of 3rd period - Shot by Zach Parise.
6:53 of 3rd period - Shot Blocked by Loui Eriksson.
6:56 of 3rd period - Icing by Ian White.
6:57 of 3rd period - Marty Reasoner wins face-off versus Loui Eriksson in Canucks zone.
9:33 of 3rd period - Shot by Valtteri Filppula.
9:33 of 3rd period - Deflect By Brandon Sutter.
9:33 of 3rd period - Shot Misses the Net.
9:35 of 3rd period - Shot by Brandon Sutter.
9:35 of 3rd period - Stopped by Craig Anderson without a rebound.
9:36 of 3rd period - Ryan Getzlaf wins face-off versus Joe Thornton in RedWings zone.
9:38 of 3rd period - Icing by Zach Parise.
9:39 of 3rd period - Zach Parise wins face-off versus Joe Thornton in RedWings zone.
10:42 of 3rd period - Valtteri Filppula is hit by Brendan Witt and loses puck.
10:45 of 3rd period - Shot by Brandon Sutter.
10:45 of 3rd period - Stopped by Craig Anderson with a rebound.
11:54 of 3rd period - Icing by Bruno Gervais.
11:55 of 3rd period - Jay McClement wins face-off versus Matt Moulson in Canucks zone.
12:29 of 3rd period - Shot by Loui Eriksson.
12:29 of 3rd period - Stopped by Craig Anderson with a rebound.
12:33 of 3rd period - Shot by Ryan Kesler.
12:33 of 3rd period - Shot Misses the Net.
12:40 of 3rd period - Icing by Paul Martin.
12:41 of 3rd period - Brandon Sutter wins face-off versus Marty Reasoner in RedWings zone.
12:42 of 3rd period - Shot by Valtteri Filppula.
12:42 of 3rd period - Stopped by Craig Anderson without a rebound.
12:43 of 3rd period - Ryan Getzlaf wins face-off versus Brandon Sutter in RedWings zone.
13:10 of 3rd period - Shot by Corey Perry.
13:10 of 3rd period - Stopped by Craig Anderson with a rebound.
13:14 of 3rd period - Shot by Corey Perry.
13:14 of 3rd period - Shot Hit the Post.
13:16 of 3rd period - Shot by Brandon Sutter.
13:16 of 3rd period - Goal by Brandon Sutter - RedWings : 1 - Canucks : 3.
13:17 of 3rd period - Jay McClement wins face-off versus Jean-Pierre Dumont in neutral zone.
13:20 of 3rd period - Jean-Pierre Dumont is hit by David Backes and loses puck.
13:24 of 3rd period - Brett Clark is hit by David Backes and loses puck.
13:25 of 3rd period - Minor Penalty to David Backes for High sticking.
13:26 of 3rd period - Jean-Pierre Dumont wins face-off versus Jay McClement in Canucks zone.
14:19 of 3rd period - Shot by Brian Campbell.
14:19 of 3rd period - Stopped by Jason LaBarbera without a rebound.
14:20 of 3rd period - Martin Hanzal wins face-off versus Ryan Getzlaf in Canucks zone.
14:41 of 3rd period - Shot by Ryan Getzlaf.
14:41 of 3rd period - Deflect By Zach Parise.
14:41 of 3rd period - Shot Misses the Net.
14:43 of 3rd period - Shot by Brian Campbell.
14:43 of 3rd period - Stopped by Jason LaBarbera without a rebound.
14:44 of 3rd period - Martin Hanzal wins face-off versus Travis Zajac in Canucks zone.
16:11 of 3rd period - Shot by Joe Thornton.
16:11 of 3rd period - Shot Misses the Net.
16:15 of 3rd period - Shot by Joe Thornton.
16:15 of 3rd period - Stopped by Craig Anderson without a rebound.
16:16 of 3rd period - Marty Reasoner wins face-off versus Brandon Sutter in RedWings zone.
16:47 of 3rd period - Icing by Marty Reasoner.
16:48 of 3rd period - Joe Thornton wins face-off versus Marty Reasoner in RedWings zone.
17:31 of 3rd period - Off-side.
17:32 of 3rd period - Brandon Sutter wins face-off versus Travis Zajac in neutral zone.
17:56 of 3rd period - Shot by Travis Zajac.
17:56 of 3rd period - Stopped by Jason LaBarbera without a rebound.
17:57 of 3rd period - Jay McClement wins face-off versus Ryan Getzlaf in Canucks zone.
18:02 of 3rd period - Keith Yandle is hit by David Backes.
18:47 of 3rd period - Minor Penalty to Duncan Keith for Hooking.
18:48 of 3rd period - Travis Zajac wins face-off versus Martin Hanzal in Canucks zone.
18:57 of 3rd period - Shot by Jean-Pierre Dumont.
18:57 of 3rd period - Deflect By Travis Zajac.
18:57 of 3rd period - Stopped by Jason LaBarbera with a rebound.
19:01 of 3rd period - Shot by Jean-Pierre Dumont.
19:01 of 3rd period - Stopped by Jason LaBarbera without a rebound.
19:02 of 3rd period - Travis Zajac wins face-off versus Jay McClement in Canucks zone.
19:13 of 3rd period - Shot by Brett Clark.
19:13 of 3rd period - Shot Blocked by Ryan Kesler.
19:50 of 3rd period - Shot by Brian Campbell.
19:50 of 3rd period - Deflect By Ryan Getzlaf.
19:50 of 3rd period - Shot Blocked by Ian White.
19:52 of 3rd period - Shot by Brian Campbell.
19:52 of 3rd period - Shot Misses the Net.
19:54 of 3rd period - Shot by Brian Campbell.
19:54 of 3rd period - Shot Misses the Net.
19:56 of 3rd period - Shot by Ryan Getzlaf.
19:56 of 3rd period - Shot Misses the Net.


Output by the SimonT Hockey Simulator (STHS) for Stephane Roy -- Original Page W3C XHTML 1.0 Valid